[Event "ICC tourney 2514 (60 10)"]
[Site "Internet Chess Club"]
[Date "2021.04.17"]
[Round "3"]
[White "HERNANDEZ, DAMION:SAEpicDH"]
[Black "WOLOZ, GABRIEL:Gabesw"]
[Result "1-0"]
[ICCResult "Black resigns"]
[WhiteElo "1270"]
[BlackElo "840"]
[Opening "Queen's gambit declined"]
[ECO "D30"]
[NIC "QP.08"]
[Time "16:30:43"]
[PlyCount "25"]
[TimeControl "3600+10"]

1. d4 d5 2. c4 e6 3. e3 Nc6 4. Nf3 Bb4+ 5. Bd2 b6 6. Bxb4 Nxb4 7. Qa4+ b5
8. Qxb5+ c6 9. Qxb4 Ba6 10. Qa4 Qb6 11. b3 Ne7 12. c5 Qb7 13. Bxa6 { Black
resigns } 1-0

[Event "ICC tourney 2514 (60 10)"]
[Site "Internet Chess Club"]
[Date "2021.04.17"]
[Round "3"]
[White "LAY, ARTIS:al68067"]
[Black "BENCOSME LEE, SUBI BELIN:SAHYMS-Subi"]
[Result "1-0"]
[ICCResult "Black checkmated"]
[WhiteElo "1273"]
[BlackElo "1103"]
[Opening "Queen's pawn, Mason variation"]
[ECO "D00"]
[NIC "QP.08"]
[Time "16:30:56"]
[PlyCount "119"]
[TimeControl "3600+10"]

1. d4 d5 2. Bf4 Bf5 3. Nf3 b6 4. e3 c5 5. c3 Nc6 6. Bb5 Rc8 7. Ne5 Bd7 8.
Qa4 Nb8 9. Nxd7 Nxd7 10. Qxa7 Nf6 11. Qa4 e6 12. Bg5 Be7 13. Bxf6 Bxf6 14.
Bxd7+ Qxd7 15. Qxd7+ Kxd7 16. O-O Ke7 17. Nd2 Rhe8 18. Rac1 Kf8 19. Nf3 e5
20. dxe5 Bxe5 21. Nxe5 Rxe5 22. Rfd1 Rce8 23. Rd2 Rd8 24. h3 b5 25. Rcd1 f6
26. b3 Kf7 27. c4 bxc4 28. bxc4 d4 29. exd4 cxd4 30. Rxd4 Rxd4 31. Rxd4 Rc5
32. Kf1 Ke6 33. Ke2 Ke5 34. Kd3 g5 35. a4 h5 36. Rd5+ Rxd5+ 37. cxd5 Kxd5
38. a5 Kc5 39. Ke4 g4 40. hxg4 hxg4 41. Kf5 Kb5 42. Kxf6 Kxa5 43. Kf5 Kb4
44. Kxg4 Kc3 45. Kf5 Kd3 46. g4 Ke2 47. g5 Kxf2 48. g6 Kf3 49. g7 Kg3 50.
g8=Q+ Kf3 51. Qg4+ Ke3 52. Qf4+ Kd3 53. Qe4+ Kc3 54. Qd5 Kb4 55. Qc6 Ka5
56. Qb7 Ka4 57. Ke4 Ka5 58. Kd4 Ka4 59. Kc4 Ka3 60. Qb3# { Black checkmated
} 1-0

[Event "ICC tourney 2514 (60 10)"]
[Site "Internet Chess Club"]
[Date "2021.04.17"]
[Round "3"]
[White "PIMANOFF, THEODORE V:Harshcrocodile"]
[Black "LUO, OLIVER:BadChessNotGood"]
[Result "0-1"]
[ICCResult "White resigns"]
[WhiteElo "1110"]
[BlackElo "596"]
[Opening "Two knights defense"]
[ECO "C58"]
[NIC "KP.01"]
[Time "16:30:46"]
[PlyCount "66"]
[TimeControl "3600+10"]

1. e4 e5 2. Nf3 Nc6 3. Bc4 Nf6 4. Ng5 d5 5. exd5 Na5 6. Bb5+ c6 7. dxc6
bxc6 8. Bd3 Nd5 9. Ne4 Nf4 10. Qf3 Nxd3+ 11. Qxd3 Qxd3 12. cxd3 Ba6 13. O-O
Bxd3 14. Re1 f6 15. Nbc3 Kf7 16. Re3 Rd8 17. b3 Bb4 18. Bb2 Nb7 19. a3 Ba5
20. Rc1 Bb6 21. Ree1 Na5 22. Na4 Nxb3 23. Rxc6 Bb5 24. Nd6+ Rxd6 25. Rxd6
Bxa4 26. Re4 Nd4 27. Bxd4 Bxd4 28. Re1 Rc8 29. h3 Rc2 30. Rb1 Rxd2 31. Rb7+
Kg6 32. Ra6 Bc2 33. Rc6 Be4 { White resigns } 0-1

[Event "ICC tourney 2514 (60 10)"]
[Site "Internet Chess Club"]
[Date "2021.04.17"]
[Round "3"]
[White "HELLER, RICHIE:RichieHeller"]
[Black "Tsuboyama, Kai:kgtkgt2010"]
[Result "0-1"]
[ICCResult "White resigns"]
[WhiteElo "989"]
[BlackElo "1298"]
[Opening "Scandinavian defense"]
[ECO "B01"]
[NIC "SD.03"]
[Time "16:30:54"]
[PlyCount "120"]
[TimeControl "3600+10"]

1. e4 d5 2. exd5 Nf6 3. Nc3 Nxd5 4. Nxd5 Qxd5 5. Nf3 Nc6 6. b3 Bg4 7. Be2
Bxf3 8. Bxf3 Qe5+ 9. Qe2 Qxa1 10. O-O Nd4 11. Qe4 Nxf3+ 12. Qxf3 c6 13. a4
Qf6 14. Qg3 e6 15. d3 Rd8 16. Bg5 Qg6 17. Bxd8 Qxg3 18. fxg3 Kxd8 19. Rxf7
Bc5+ 20. Kf1 Rf8 21. Rxf8+ Bxf8 22. Ke2 Kd7 23. Ke3 Kd6 24. Kd4 g6 25. c4
Bg7+ 26. Ke4 Kc5 27. Kf4 Kd4 28. h4 Kxd3 29. g4 Kc3 30. h5 gxh5 31. gxh5
Kxb3 32. Kg5 Kxa4 33. h6 Be5 34. g4 b5 35. cxb5 cxb5 36. Kh5 b4 37. g5 b3
38. g6 hxg6+ 39. Kxg6 b2 40. Kf7 b1=Q 41. Kxe6 Qg6+ 42. Kxe5 Qxh6 43. Kd5
Qf6 44. Kc5 Qb6+ 45. Kc4 Qb5+ 46. Kc3 Qb4+ 47. Kd3 Qc5 48. Ke4 Qd6 49. Kf5
Qe7 50. Kf4 Qe6 51. Kf3 Qe5 52. Kg4 Qf6 53. Kg3 Qf5 54. Kg2 Qf4 55. Kh1 Qg4
56. Kh2 Kb4 57. Kh1 Kc3 58. Kh2 Kd3 59. Kh1 Ke3 60. Kh2 Kf2 { White resigns
} 0-1

[Event "ICC tourney 2514 (60 10)"]
[Site "Internet Chess Club"]
[Date "2021.04.17"]
[Round "3"]
[White "Chin, Matthew:mhchin"]
[Black "BETANCES, NOAH-ALEXANDER:HYNoahAlexaderB"]
[Result "1-0"]
[ICCResult "Black checkmated"]
[WhiteElo "1264"]
[BlackElo "1023"]
[Opening "Scandinavian defense"]
[ECO "B01"]
[NIC "SD.03"]
[Time "16:32:03"]
[PlyCount "97"]
[TimeControl "3600+10"]

1. e4 d5 2. exd5 Nf6 3. Nf3 Nxd5 4. d4 Bg4 5. Bc4 e6 6. O-O Bd6 7. h3 Bxf3
8. Qxf3 Be7 9. Nc3 Nxc3 10. Qxc3 Nc6 11. Be3 O-O 12. Rad1 Qc8 13. d5 exd5
14. Bxd5 Bf6 15. Qa3 Qd7 16. Rfe1 Be7 17. Qb3 Bb4 18. Bxc6 Qxc6 19. Qxb4
Rab8 20. Qc3 Qa6 21. Bd4 Qxa2 22. Bxg7 Qa6 23. Bxf8 Qg6 24. Be7 c6 25. Rd8+
Rxd8 26. Bxd8 Kf8 27. Qh8+ Qg8 28. Re8+ Kxe8 29. Qxg8+ Kd7 30. Be7 Kxe7 31.
Qxh7 b5 32. h4 a5 33. h5 b4 34. Qe4+ Kf8 35. h6 f5 36. Qxf5+ Ke7 37. Qxa5
c5 38. Qxc5+ Kf7 39. Qe5 b3 40. c3 Kf8 41. c4 Kf7 42. Qd6 Ke8 43. h7 Kf7
44. Qe5 Kg6 45. h8=R Kf7 46. Rh6 Kg8 47. Rf6 Kg7 48. Qg5+ Kh7 49. Rh6# {
Black checkmated } 1-0

[Event "ICC tourney 2514 (60 10)"]
[Site "Internet Chess Club"]
[Date "2021.04.17"]
[Round "3"]
[White "MANE, ARNAV KISHOR:georgianknight"]
[Black "JAVIER, JERICK:Jerickjavier18"]
[Result "0-1"]
[ICCResult "White checkmated"]
[WhiteElo "1226"]
[BlackElo "1328"]
[Opening "Sicilian defense"]
[ECO "B40"]
[NIC "SI.43"]
[Time "16:31:04"]
[PlyCount "68"]
[TimeControl "3600+10"]

1. e4 c5 2. Nf3 e6 3. c3 d5 4. exd5 exd5 5. d4 Nc6 6. Bb5 Bd6 7. O-O Ne7 8.
Re1 O-O 9. Be3 Nf5 10. Bg5 Qb6 11. Qe2 cxd4 12. Bxc6 bxc6 13. Qd2 h6 14.
Bh4 dxc3 15. bxc3 Nxh4 16. Nxh4 Bd7 17. Nf3 Rfe8 18. c4 Rxe1+ 19. Nxe1 Bb4
20. Nc3 d4 21. Rc1 Bxc3 22. Rxc3 dxc3 23. Qxd7 Qb1 24. h3 Qxe1+ 25. Kh2
Qe5+ 26. g3 Qe2 27. Qd4 c2 28. Qb2 Qxf2+ 29. Kh1 Qf1+ 30. Kh2 c1=Q 31. Qxc1
Qxc1 32. c5 Qc2+ 33. Kg1 Rd8 34. Kf1 Rd1# { White checkmated } 0-1

[Event "ICC tourney 2514 (60 10)"]
[Site "Internet Chess Club"]
[Date "2021.04.17"]
[Round "3"]
[White "Ho, Joshua:AutomaticCougar"]
[Black "DOGRA, DIVIJ SINGH:divijdogra"]
[Result "0-1"]
[ICCResult "White checkmated"]
[WhiteElo "1334"]
[BlackElo "1237"]
[Opening "Queen's pawn"]
[ECO "A40"]
[NIC "QO.17"]
[Time "16:30:51"]
[PlyCount "102"]
[TimeControl "3600+10"]

1. d4 e6 2. Bf4 d5 3. Nf3 c5 4. e3 Nc6 5. c3 Qb6 6. Qc1 Nf6 7. Bd3 Bd7 8.
Nbd2 Rc8 9. O-O Be7 10. Ne5 cxd4 11. exd4 Nxd4 12. Be3 Bc5 13. b4 Ne2+ 14.
Bxe2 Bxe3 15. fxe3 Qxe3+ 16. Kh1 Qxe5 17. Re1 Qxc3 18. Qxc3 Rxc3 19. Nf3
O-O 20. Rad1 Rfc8 21. Ne5 Ba4 22. Rb1 Ne4 23. Nf3 Rc2 24. Ra1 Nc3 25. Nd4
Rd2 26. h3 Rxd4 27. Bg4 Ne4 28. Kh2 Rxb4 29. Rac1 Rxc1 30. Rxc1 h6 31. Bh5
g6 32. Bf3 Bc6 33. Re1 Rb2 34. Ra1 Nc3 35. a3 Rb1 36. Rxb1 Nxb1 37. g4 Nxa3
38. Kg2 Nc4 39. Kf2 a5 40. Ke2 a4 41. Kd3 Ne5+ 42. Ke3 Nxf3 43. Kxf3 d4+
44. Ke2 a3 45. Kd3 a2 46. Kc2 a1=Q 47. Kd3 Qc3+ 48. Ke2 Bb5+ 49. Kf2 Qxh3
50. Kg1 Qg3+ 51. Kh1 Bc6# { White checkmated } 0-1

[Event "ICC tourney 2514 (60 10)"]
[Site "Internet Chess Club"]
[Date "2021.04.17"]
[Round "3"]
[White "MARTINEZ, EMILEO ENRIQUE:Gaku398973"]
[Black "Shah, Zara:mindfulmint"]
[Result "1/2-1/2"]
[ICCResult "Game drawn because neither player has mating material"]
[WhiteElo "1310"]
[BlackElo "1230"]
[Opening "French: advance variation"]
[ECO "C02"]
[NIC "FR.03"]
[Time "16:33:23"]
[PlyCount "123"]
[TimeControl "3600+10"]

1. e4 e6 2. d4 d5 3. e5 Nc6 4. Nf3 Bd7 5. Bd2 Nge7 6. Be2 Nf5 7. c3 Be7 8.
O-O O-O 9. g4 Nh6 10. Bxh6 gxh6 11. Qc1 Bg5 12. Nxg5 Qxg5 13. Qxg5+ hxg5
14. f4 f6 15. exf6 Rxf6 16. fxg5 Rxf1+ 17. Bxf1 e5 18. dxe5 Nxe5 19. Nd2
Nxg4 20. Bd3 Ne5 21. Bc2 Nf7 22. g6 hxg6 23. Bxg6 Kg7 24. Bxf7 Kxf7 25.
Rf1+ Ke6 26. h4 Rh8 27. Nf3 Bb5 28. Re1+ Kf6 29. Kh2 Bc4 30. b3 Bd3 31. Kh3
Bf5+ 32. Kh2 Be4 33. Re3 Kf5 34. Kg3 Bxf3 35. Rxf3+ Ke4 36. Rf7 Rc8 37. h5
Kd3 38. h6 Rh8 39. h7 Kxc3 40. Rxc7+ Kb2 41. Rxb7 d4 42. Kf3 Kc3 43. Rc7+
Kd3 44. Rxa7 Kd2 45. Rd7 d3 46. Ke4 Re8+ 47. Kd4 Ke2 48. Kc3 Rc8+ 49. Kb4
d2 50. a4 d1=Q 51. Rxd1 Kxd1 52. a5 Rh8 53. a6 Rxh7 54. Ka5 Kc2 55. b4 Kc3
56. b5 Kc4 57. Kb6 Rh5 58. a7 Rxb5+ 59. Ka6 Kb4 60. a8=Q Ra5+ 61. Kb7 Rxa8
62. Kxa8 { Game drawn because neither player has mating material } 1/2-1/2

[Event "ICC tourney 2514 (60 10)"]
[Site "Internet Chess Club"]
[Date "2021.04.17"]
[Round "3"]
[White "Vesval, Thomas:Goofymammoth"]
[Black "PODDUTURI, AASHRITH:chessprogidy"]
[Result "0-1"]
[ICCResult "White checkmated"]
[WhiteElo "1268"]
[BlackElo "1378"]
[Opening "Sicilian defense"]
[ECO "B20"]
[NIC "SI.48"]
[Time "16:30:47"]
[PlyCount "122"]
[TimeControl "3600+10"]

1. e4 c5 2. b3 d6 3. Bb2 Nf6 4. Bb5+ Bd7 5. Bxd7+ Qxd7 6. Nc3 g6 7. f4 Nc6
8. Nd5 Bg7 9. Nxf6+ exf6 10. Nf3 O-O 11. O-O a6 12. d4 cxd4 13. Nxd4 b5 14.
Qd3 Rac8 15. Rad1 Qa7 16. Kh1 Qd7 17. Ba3 Nxd4 18. Qxd4 Rxc2 19. Qxd6 Qxd6
20. Rxd6 Rxa2 21. Rxa6 b4 22. Bxb4 Rxa6 23. Bxf8 Bxf8 24. h3 Bd6 25. g3 Kf8
26. Rd1 Be7 27. Rd7 Rb6 28. Rd3 Rb4 29. e5 fxe5 30. fxe5 Re4 31. Kg2 Rxe5
32. Kf3 Re6 33. Kf4 Rd6 34. Rxd6 Bxd6+ 35. Kf3 Ke7 36. g4 Ke6 37. Ke3 Kf6
38. h4 h5 39. g5+ Kf5 40. Kf3 Bb4 41. Kg3 Be1+ 42. Kh3 Kf4 43. b4 Bxb4 44.
Kh2 Kg4 45. Kg1 Kxh4 46. Kh1 Kxg5 47. Kg1 h4 48. Kh1 f5 49. Kg1 h3 50. Kh1
f4 51. Kg1 Kg4 52. Kh2 f3 53. Kg1 Kg3 54. Kh1 Kh4 55. Kg1 Bc5+ 56. Kh1 g5
57. Kh2 g4 58. Kh1 h2 59. Kxh2 g3+ 60. Kh1 g2+ 61. Kh2 g1=Q# { White
checkmated } 0-1

[Event "ICC tourney 2514 (60 10)"]
[Site "Internet Chess Club"]
[Date "2021.04.17"]
[Round "3"]
[White "EISENBERG, LINUS NGUYEN:PrimusInvin"]
[Black "Smith, Graham Bradley:Smittyboy13"]
[Result "0-1"]
[ICCResult "White resigns"]
[WhiteElo "1361"]
[BlackElo "786"]
[Opening "King's knight's gambit"]
[ECO "C37"]
[NIC "KG.01"]
[Time "16:30:45"]
[PlyCount "68"]
[TimeControl "3600+10"]

1. e4 e5 2. f4 exf4 3. Nf3 g5 4. h3 d5 5. exd5 Qxd5 6. Nc3 Qd8 7. Bc4 Be6
8. Bxe6 fxe6 9. b3 Nc6 10. Bb2 Bg7 11. Qe2 Qd7 12. O-O-O h6 13. Rde1 O-O-O
14. Qxe6 Nge7 15. Qxd7+ Rxd7 16. Nb5 Bxb2+ 17. Kxb2 Nf5 18. Ne5 Nxe5 19.
Rxe5 Ng3 20. Rhe1 Kb8 21. Re8+ Rd8 22. Rxd8+ Rxd8 23. Nd4 a6 24. Ne6 Rxd2
25. Ng7 Rxg2 26. Re8+ Ka7 27. Rh8 f3 28. Rxh6 f2 29. Nh5 f1=Q 30. Nxg3 Rxg3
31. Rh7 Rxh3 32. Rg7 Qf6+ 33. Ka3 Qxg7 34. c4 b5 { White resigns } 0-1

[Event "ICC tourney 2514 (60 10)"]
[Site "Internet Chess Club"]
[Date "2021.04.17"]
[Round "3"]
[White "OSMOND, AVA ROSE:avaosmond"]
[Black "Jaichand, Rishab:rjaichand"]
[Result "0-1"]
[ICCResult "White checkmated"]
[WhiteElo "1277"]
[BlackElo "1188"]
[Opening "Three knights game"]
[ECO "C46"]
[NIC "KP.06"]
[Time "16:32:02"]
[PlyCount "74"]
[TimeControl "3600+10"]

1. e4 e5 2. Nf3 Nc6 3. Nc3 Bc5 4. Nxe5 Nxe5 5. d4 Bd6 6. dxe5 Bxe5 7. Bc4
Bd6 8. O-O Bc5 9. Qf3 Qf6 10. Qg3 d6 11. Re1 c6 12. Bg5 Qg6 13. Rad1 h6 14.
Bf4 Bd7 15. Bxd6 Bb6 16. e5 O-O-O 17. Na4 Ba5 18. Nc5 Qxg3 19. hxg3 Bxe1
20. Rxe1 b6 21. Nxd7 Rxd7 22. Ba6+ Kd8 23. Rd1 Ne7 24. f4 b5 25. g4 Nd5 26.
f5 Nc7 27. Bb7 Nd5 28. Bxc6 Ne3 29. Be7+ Kc7 30. Rxd7+ Kxc6 31. Rxa7 Nxg4
32. e6 fxe6 33. fxe6 Kd5 34. Ra6 Re8 35. Bb4 Rxe6 36. Ra5 Kc4 37. Bf8 Re1#
{ White checkmated } 0-1

[Event "ICC tourney 2514 (60 10)"]
[Site "Internet Chess Club"]
[Date "2021.04.17"]
[Round "3"]
[White "GALVEZ, TIARA:Firephionex23"]
[Black "AMBATI, JASWANT REDDY:AJRChess2011"]
[Result "0-1"]
[ICCResult "White checkmated"]
[WhiteElo "1367"]
[BlackElo "1470"]
[Opening "King's Indian defense, 3.Nc3"]
[ECO "E61"]
[NIC "KI.80"]
[Time "16:31:20"]
[PlyCount "124"]
[TimeControl "3600+10"]

1. d4 Nf6 2. c4 g6 3. Nc3 Bg7 4. d5 d6 5. Nf3 O-O 6. e4 Nbd7 7. Bd3 Nc5 8.
Bc2 c6 9. O-O cxd5 10. cxd5 e6 11. Re1 exd5 12. exd5 Qb6 13. Rb1 Ng4 14.
Be3 Nxe3 15. Rxe3 Bg4 16. h3 Bxf3 17. Rxf3 Rfe8 18. Na4 Nxa4 19. Bxa4 Re7
20. a3 Qa6 21. Bb3 Rae8 22. Kh2 Re2 23. Rc1 Rxb2 24. Rc7 Rf8 25. Bc2 Qb6
26. Rc4 Ra2 27. a4 Be5+ 28. g3 Qa5 29. Rb3 Ra1 30. Rb1 Rxb1 31. Qxb1 Qd2
32. Qg1 f5 33. Bb3 f4 34. gxf4 Bxf4+ 35. Kg2 Be5 36. Rg4 Bd4 37. Kh1 Rxf2
38. Bd1 Be5 39. Rg2 Rxg2 40. Qxg2 Qxd1+ 41. Qg1 Qxd5+ 42. Qg2 Qxg2+ 43.
Kxg2 Kf7 44. Kf3 Kf6 45. Ke4 h5 46. Kf3 a6 47. Ke4 g5 48. Kf3 b5 49. axb5
axb5 50. Ke4 b4 51. Kd3 g4 52. hxg4 hxg4 53. Ke3 b3 54. Kd3 g3 55. Ke2 b2
56. Kf3 b1=Q 57. Kg4 Qd1+ 58. Kh4 g2 59. Kh3 Qh5+ 60. Kxg2 Qg4+ 61. Kf1
Qf3+ 62. Ke1 Bc3# { White checkmated } 0-1

[Event "ICC tourney 2514 (60 10)"]
[Site "Internet Chess Club"]
[Date "2021.04.17"]
[Round "3"]
[White "NANGIA, OM:MateON123"]
[Black "BELOBROVKA, ARIELLE:ariellezbel"]
[Result "0-1"]
[ICCResult "White checkmated"]
[WhiteElo "1122"]
[BlackElo "1338"]
[Opening "French: exchange variation"]
[ECO "C01"]
[NIC "FR.01"]
[Time "16:30:45"]
[PlyCount "60"]
[TimeControl "3600+10"]

1. e4 e6 2. d4 d5 3. exd5 exd5 4. Nf3 Bd6 5. Bd3 Ne7 6. h3 O-O 7. O-O Re8
8. Ng5 Bf5 9. Qh5 Bxd3 10. cxd3 h6 11. Nxf7 Qd7 12. Ne5 Bxe5 13. dxe5 Nbc6
14. Be3 Nf5 15. g4 Nxe3 16. fxe3 Nxe5 17. d4 Nd3 18. Rf7 Qxf7 19. Qxf7+
Kxf7 20. Nc3 Rxe3 21. Nxd5 Rxh3 22. Rf1+ Kg6 23. Ne7+ Kg5 24. Kg2 Kxg4 25.
Ng6 Re8 26. Kg1 Re2 27. Ne5+ Nxe5 28. dxe5 Kg3 29. Rf3+ Kxf3 30. e6 Re1# {
White checkmated } 0-1

[Event "ICC tourney 2514 (60 10)"]
[Site "Internet Chess Club"]
[Date "2021.04.17"]
[Round "3"]
[White "KUMAR, SANNAH:Sannahk"]
[Black "AYYAPPAN, ANUSHKA:Anushkaa"]
[Result "0-1"]
[ICCResult "White checkmated"]
[WhiteElo "1198"]
[BlackElo "1303"]
[Opening "Giuoco Piano"]
[ECO "C54"]
[NIC "IG.02"]
[Time "16:30:43"]
[PlyCount "108"]
[TimeControl "3600+10"]

1. e4 e5 2. Nf3 Nc6 3. Bc4 Bc5 4. c3 Nf6 5. d3 O-O 6. O-O d5 7. exd5 Nxd5
8. Nbd2 Nf6 9. h3 Re8 10. Re1 a6 11. Nf1 b5 12. Bb3 Bf5 13. Bc2 e4 14. dxe4
Qxd1 15. Rxd1 Bxe4 16. Bxe4 Nxe4 17. Ne3 h6 18. Rf1 Ne5 19. Nd2 Nd3 20.
Nxe4 Rxe4 21. b4 Nxc1 22. Raxc1 Bxe3 23. fxe3 Rxe3 24. Rc2 Rd8 25. Kf2 Red3
26. Re1 Rd2+ 27. Rxd2 Rxd2+ 28. Re2 Rxe2+ 29. Kxe2 Kf8 30. Ke3 Ke7 31. Kd4
Kd6 32. h4 h5 33. Ke4 g6 34. g3 f6 35. Kd4 g5 36. hxg5 fxg5 37. Ke4 Ke6 38.
a3 c6 39. Kf3 Kf5 40. Ke3 h4 41. gxh4 gxh4 42. Kf3 Kg5 43. Kg2 Kg4 44. Kh2
h3 45. a4 bxa4 46. b5 axb5 47. c4 bxc4 48. Kh1 a3 49. Kh2 a2 50. Kh1 a1=Q+
51. Kh2 Qe5+ 52. Kh1 Qe1+ 53. Kh2 Qg3+ 54. Kh1 Qg2# { White checkmated }
0-1

[Event "ICC tourney 2514 (60 10)"]
[Site "Internet Chess Club"]
[Date "2021.04.17"]
[Round "3"]
[White "PRASAD, AMIT:CobaltGame"]
[Black "Lee-Suk, Niccolo:NiccoloChess"]
[Result "1-0"]
[ICCResult "Black checkmated"]
[WhiteElo "1358"]
[BlackElo "977"]
[Opening "King's Indian, 3.Nf3"]
[ECO "E61"]
[NIC "KI.80"]
[Time "16:32:03"]
[PlyCount "105"]
[TimeControl "3600+10"]

1. d4 Nf6 2. c4 g6 3. Nf3 Bg7 4. Nc3 O-O 5. Bf4 d6 6. e3 Nc6 7. Bd3 e6 8.
O-O Bd7 9. h3 Nh5 10. Bh2 e5 11. d5 Nb4 12. Bb1 c6 13. Qb3 c5 14. a3 Na6
15. Qxb7 Nc7 16. Qb3 Rb8 17. Qc2 Bf5 18. e4 Bc8 19. Qd2 Ba6 20. Bd3 Rb3 21.
Qe2 Ne8 22. Nb5 Nef6 23. Qc2 Rxb5 24. cxb5 Bc8 25. Qd2 Bb7 26. g4 Nf4 27.
Bxf4 exf4 28. Qxf4 Ne8 29. Rab1 Be5 30. Nxe5 dxe5 31. Qxe5 Qh4 32. Qg3 Qh6
33. Qe3 Qg7 34. Qxc5 Nf6 35. Qd4 Bc8 36. g5 Bxh3 37. Qxf6 Bxf1 38. Qxg7+
Kxg7 39. Kxf1 f5 40. gxf6+ Rxf6 41. e5 Rf3 42. Ke2 Rh3 43. d6 Rh5 44. f4
Rh2+ 45. Ke3 Rh3+ 46. Ke4 h6 47. d7 g5 48. d8=Q gxf4 49. Qe7+ Kg6 50. Rg1+
Kh5 51. Qf7+ Kh4 52. Qxf4+ Kh5 53. Qg4# { Black checkmated } 1-0

[Event "ICC tourney 2514 (60 10)"]
[Site "Internet Chess Club"]
[Date "2021.04.17"]
[Round "3"]
[White "KUMAR, SUHANA:SuhanaK"]
[Black "BENCOSME-LEE, GABE:SAHY-Gabe"]
[Result "1-0"]
[ICCResult "Black checkmated"]
[WhiteElo "1255"]
[BlackElo "1394"]
[Opening "Philidor's defense"]
[ECO "C41"]
[NIC "KP.10"]
[Time "16:30:49"]
[PlyCount "65"]
[TimeControl "3600+10"]

1. e4 e5 2. Nf3 d6 3. Nc3 Nf6 4. Bc4 Be7 5. d3 O-O 6. O-O c6 7. Bb3 Nbd7 8.
Be3 Nc5 9. Bxc5 dxc5 10. Nxe5 Bd6 11. Nf3 a5 12. e5 b5 13. a3 Bg4 14. exd6
Bxf3 15. Qxf3 a4 16. Ba2 Qxd6 17. b3 axb3 18. Bxb3 b4 19. Na4 bxa3 20. Nb6
Ra6 21. Nc4 Qd4 22. Rxa3 Rxa3 23. Nxa3 Ra8 24. Qxc6 Rf8 25. h3 h6 26. Re1
Qb2 27. Qxc5 Ra8 28. Nb5 Ra5 29. Qc7 Rxb5 30. Qxf7+ Kh7 31. Re7 Nd5 32.
Qf5+ Kg8 33. Re8# { Black checkmated } 1-0

[Event "ICC tourney 2514 (60 10)"]
[Site "Internet Chess Club"]
[Date "2021.04.17"]
[Round "3"]
[White "JOSHI, AYAN PRASAD:ayanloveschess"]
[Black "BURCHILL, MARCUS:MarcusB"]
[Result "1/2-1/2"]
[ICCResult "White stalemated"]
[WhiteElo "1101"]
[BlackElo "1271"]
[Opening "Petrov's defense"]
[ECO "C42"]
[NIC "RG.03"]
[Time "16:31:03"]
[PlyCount "134"]
[TimeControl "3600+10"]

1. e4 e5 2. Nf3 Nf6 3. Nxe5 Nc6 4. Nxc6 dxc6 5. Nc3 Bc5 6. Be2 h5 7. d3 Ng4
8. O-O Qh4 9. Bxg4 hxg4 10. Bf4 Qf6 11. Qd2 Bd4 12. Bxc7 Be5 13. Bxe5 Qxe5
14. g3 Qh5 15. h4 gxh3 16. Kh2 Qf3 17. Rg1 Be6 18. Qe2 Qxe2 19. Nxe2 g5 20.
g4 Rh4 21. f3 O-O-O 22. Rg3 Rdh8 23. Ng1 Kd7 24. Rxh3 Rxh3+ 25. Nxh3 Kd6
26. Kg3 f6 27. f4 gxf4+ 28. Nxf4 Bd7 29. Re1 Rg8 30. d4 Bxg4 31. e5+ fxe5
32. dxe5+ Kc7 33. Kh4 Bf5 34. Nd3 Kd8 35. Rf1 Be6 36. Nc5 Bc8 37. Rf7 b6
38. Nd3 a6 39. Nf4 Ke8 40. Rf6 Kd7 41. e6+ Kd6 42. e7+ Kxe7 43. Rxc6 Rg4+
44. Kh5 Rxf4 45. Rxc8 Kd6 46. Kg5 Rf2 47. a4 a5 48. b3 Kd7 49. Rc3 Kd6 50.
Kg4 Kd5 51. Kg3 Rf7 52. Rf3 Rc7 53. c3 Ke4 54. b4 Rc4 55. bxa5 bxa5 56.
Rf4+ Kd3 57. Rxc4 Kxc4 58. Kf2 Kxc3 59. Ke2 Kb3 60. Kd2 Kxa4 61. Kc2 Ka3
62. Kb1 Kb3 63. Ka1 a4 64. Kb1 Kc3 65. Ka1 a3 66. Kb1 Kb3 67. Ka1 a2 {
White stalemated } 1/2-1/2

[Event "ICC tourney 2514 (60 10)"]
[Site "Internet Chess Club"]
[Date "2021.04.17"]
[Round "3"]
[White "ANANDKUMAR, HAITUKA:Haituka"]
[Black "STRIFF-CAVE, ETHAN CONOR:escape18"]
[Result "0-1"]
[ICCResult "White checkmated"]
[WhiteElo "1034"]
[BlackElo "1331"]
[Opening "King's pawn game"]
[ECO "C50"]
[NIC "IG.03"]
[Time "16:31:21"]
[PlyCount "100"]
[TimeControl "3600+10"]

1. e4 e5 2. Nf3 Nc6 3. Bc4 d6 4. h3 Be7 5. d3 Nf6 6. Bg5 O-O 7. O-O Nh5 8.
Bxe7 Qxe7 9. Nc3 Nf4 10. Nd5 Nxd5 11. exd5 Nd8 12. d4 exd4 13. Nxd4 Qg5 14.
Qf3 c5 15. Ne2 Bf5 16. Rac1 b6 17. Ng3 Bd7 18. Ne4 Qg6 19. Bd3 Bf5 20. Qf4
Nb7 21. Ng3 Bxd3 22. cxd3 Qxd3 23. Rc3 Qxd5 24. Nf5 Qe5 25. Qg5 g6 26. Ne7+
Kg7 27. Qh4 Rfe8 28. Re3 Qf6 29. Qe4 Rab8 30. Rfe1 Kf8 31. Qa4 Kg7 32. Nd5
Rxe3 33. Nxf6 Rxe1+ 34. Kh2 Kxf6 35. Qxa7 Ree8 36. Qxb6 h6 37. a4 Re4 38.
Qa7 Ree8 39. Qb6 Ke5 40. b4 cxb4 41. Qxb4 Nc5 42. f4+ Kd5 43. Qd2+ Kc6 44.
a5 Re4 45. f5 gxf5 46. Qxh6 Re2 47. Qf4 Rbb2 48. Qf3+ Ne4 49. Qxf5 Rxg2+
50. Kh1 Ng3# { White checkmated } 0-1

[Event "ICC tourney 2514 (60 10)"]
[Site "Internet Chess Club"]
[Date "2021.04.17"]
[Round "3"]
[White "SOOD, MANASVIN:kushood"]
[Black "CARR, EVAN YE:Evanthegreatest"]
[Result "0-1"]
[ICCResult "White resigns"]
[WhiteElo "1402"]
[BlackElo "1257"]
[Opening "QGD: Marshall defense"]
[ECO "A50"]
[NIC "QP.07"]
[Time "16:31:05"]
[PlyCount "93"]
[TimeControl "3600+10"]

1. d4 Nf6 2. c4 d5 3. Nc3 Bf5 4. Nf3 e6 5. e3 Nc6 6. Bd3 Bxd3 7. Qxd3 Bb4
8. Bd2 dxc4 9. Qxc4 Bxc3 10. Bxc3 Nd5 11. Rc1 O-O 12. Ne5 Nxe5 13. dxe5 Qg5
14. O-O Rad8 15. f4 Qxg2+ 16. Kxg2 Nxe3+ 17. Kh1 Nxc4 18. Bb4 Nxb2 19. Bxf8
Kxf8 20. Rxc7 g6 21. Rxb7 Nd3 22. Rxa7 Rd4 23. a4 Kg7 24. a5 Ra4 25. Rd1
Nf2+ 26. Kg1 Nxd1 27. a6 Nc3 28. Ra8 Nd5 29. Kf2 Nxf4 30. Ke3 Nd5+ 31. Kd3
h5 32. Kc2 Nb6 33. Ra7 Ra2+ 34. Kb3 Rxh2 35. Rb7 Nc8 36. Rb8 Na7 37. Rb7
Nc6 38. Rb6 Nxe5 39. a7 Rb2+ 40. Kxb2 Nc4+ 41. Kb3 Nxb6 42. Kb4 h4 43. Kb5
Na8 44. Ka6 h3 45. Kb7 h2 46. Kxa8 h1=Q+ 47. Kb8 { White resigns } 0-1

[Event "ICC tourney 2514 (60 10)"]
[Site "Internet Chess Club"]
[Date "2021.04.17"]
[Round "3"]
[White "MARISWARAN, SHASHVAT:sassymareese"]
[Black "BABENKO, ARIEL:ArielB"]
[Result "1/2-1/2"]
[ICCResult "Game drawn by mutual agreement"]
[WhiteElo "1429"]
[BlackElo "1112"]
[Opening "Scandinavian (center counter) defense"]
[ECO "B01"]
[NIC "SD.02"]
[Time "16:30:46"]
[PlyCount "65"]
[TimeControl "3600+10"]

1. e4 d5 2. exd5 Qxd5 3. Nc3 Qd8 4. d4 Nf6 5. Nf3 g6 6. Bc4 Bg7 7. h3 O-O
8. Be3 a6 9. O-O b5 10. Bb3 Bb7 11. Qd2 Bxf3 12. gxf3 Nbd7 13. Nd5 c6 14.
Nc3 Nb6 15. Rad1 Nbd5 16. Nxd5 Nxd5 17. Bg5 Qd7 18. Kh2 Qd6+ 19. Kg2 e6 20.
c3 Rfe8 21. Rfe1 f6 22. Bh4 Rad8 23. Bg3 e5 24. dxe5 fxe5 25. Qe3 Kh8 26.
Qe4 Qe6 27. f4 Qf6 28. fxe5 Qg5 29. h4 Qe7 30. Rd2 Nxc3 31. Qe3 Rxd2 32.
Qxd2 Na4 33. Bxa4 { Game drawn by mutual agreement } 1/2-1/2